 Dungeon Sprint DCSS version 0.31-a0-844-gdc52ec4e09 (webtiles) character file.

Game seed: 17503237236445169101

3390 sircluck the Grappler (level 9, -7/157 HPs)
             Began as a Troll Berserker on Sept 30, 2023.
             Was a High Priest of Trog.
             Mangled by a culicivora (16 damage)
             ... in the Dungeon (Sprint VII: "The Pits").
             The game lasted 00:02:49 (632 turns).

sircluck the Grappler (Troll Berserker)              Turns: 632, Time: 00:02:49

Health: -7/157     AC:  4    Str: 34    XL:     9   Next: 74%
Magic:  8/8        EV: 16    Int:  3    God:    Trog [*****.]
Gold:   0          SH:  0    Dex:  9    Spells: 8/8 levels left

rFire   . .          .
                       - Unarmed
rCold   . . .        (no shield)
rNeg    . . .        a - +0 animal skin
rPois   .            (helmet restricted)
rElec   .            (no cloak)
rCorr   .            (gloves unavailable)
SInv    .            (boots unavailable)
Will    .....        (no amulet) Stlth
                     k - +3 ring of evasion
HPRegen 1.26/turn    m - +3 ring of strength
MPRegen 0.11/turn

%: no teleportation
@: berserking, very quick
A: large, unfitting armour, claws 3, regeneration 1, shaggy fur 1, tough skin 1
a: Renounce Religion, Berserk, Trog's Hand, Brothers in Arms


You were in the Dungeon.
You worshipped Trog.
Trog was extremely pleased with you.
You visited 1 branch

Inventory:

Armour
 a - a +0 animal skin (worn)
Jewellery
 k - a +3 ring of evasion (left claw)
 m - a +3 ring of strength (right claw)
Scrolls
 g - a scroll of blinking
 i - 2 scrolls of vulnerability
 j - a scroll of summoning
Potions
 b - 8 potions of curing
 c - 12 potions of heal wounds
 d - a potion of haste
 e - 4 potions of magic
 f - 3 potions of berserk rage
 h - 2 potions of invisibility
 l - a potion of resistance


   Skills:
 + Level 11.6 Fighting
 + Level 11.4 Dodging
 + Level 13.4 Unarmed Combat


You had 8 spell levels left.
You didn't know any spells.
Your spell library was empty.

Dungeon Overview and Level Annotations

Branches:
Dungeon (1/1)

Altars:
Ashenzari
Cheibriados
Dithmenos
Elyvilon
Fedhas
Gozag
Hepliaklqana
Kikubaaqudgha
Makhleb
Nemelex Xobeh
Okawaru
Qazlal
Ru
Sif Muna
Trog
Uskayaw
Vehumet
Wu Jian
Xom
Yredelemnul
Zin
The Shining One
Jiyva
Lugonu


Innate Abilities, Weirdness & Mutations

You are too large for most types of armour.
You have claws for hands.
Your natural rate of healing is unusually fast.
You are covered in fur. (AC +1)
You have tough skin. (AC +1)


Message History

You feel very sick. The redback bites you! The culicivora barely misses you.
The redback closely misses you. The redback bites you!
You are too injured to fight recklessly!
You are too injured to fight recklessly!
You are too injured to fight recklessly!
You are too injured to fight recklessly!
You are too injured to fight recklessly!
You are too injured to fight recklessly!
You are too injured to fight recklessly!
You are too injured to fight recklessly!
You are too injured to fight recklessly!
You claw the culicivora!
The culicivora is moderately wounded.
You feel very sick.
The culicivora bites you but does no damage.
The redback misses you. The redback bites you!
* * * LOW HITPOINT WARNING * * *
You are lethally poisoned!
The redback poisons you! The culicivora barely misses you.
You feel better. The redback bites you!
* * * LOW HITPOINT WARNING * * *
The redback closely misses you. The culicivora barely misses you.
The redback closely misses you.
You closely miss the culicivora.
The culicivora is lightly wounded.
The redback misses you. The culicivora bites you.
* * * LOW HITPOINT WARNING * * *
The culicivora draws strength from your injuries!
The redback bites you!
* * * LOW HITPOINT WARNING * * *
A red film seems to cover your vision as you go berserk!
You feel yourself moving faster!
You feel mighty! The redback barely misses you. The culicivora misses you.
The redback bites you!
* * * LOW HITPOINT WARNING * * *
The redback bites you.
* * * LOW HITPOINT WARNING * * *
The culicivora bites you!
You die...

++######################
....)...........ss......
...).)..........@s......
..##############++######
..# ..# ..# ..# ..# ).#
..#


You could see a culicivora and 2 redbacks.

Vanquished Creatures
  A rakshasa (D)
  A sea snake (D)
  A wizard (D)
  A freezing wraith (D)
  An orange demon (D)
  A flying skull (D)
  A spriggan (D)
  A fire bat (D)
  2 redbacks (D)
  An acid dragon (D)
  A water moccasin (D)
  An ice beast (D)
  A gnoll sergeant (D)
  A scorpion (D)
  A mummy (D)
  A gnoll (D)
  An adder (D)
  A worm (D)
  A bat skeleton (D)
  A bat zombie (D)
  An endoplasm (D)
  2 jackals (D)
  2 kobolds (D)
  2 quokkas (D)
  2 ball pythons (D)
  A bat (D)
  2 frilled lizards (D)
33 creatures vanquished.

Vanquished Creatures (collateral kills)
  A centaur (D)
1 creature vanquished.

Grand Total: 34 creatures vanquished

Notes
Turn   | Place    | Note
-------+----------+-------------------------------------------
     0 | D        | sircluck the Troll Berserker began the quest for the Orb.
     0 | D        | Reached XP level 1. HP: 22/22 MP: 0/0
    26 | D        | Found a bloodstained altar of Trog.
    26 | D        | Found a shimmering blue altar of Sif Muna.
    26 | D        | Found a viscous altar of Jiyva.
    26 | D        | Found a hazy altar of Hepliaklqana.
    26 | D        | Found an opulent altar of Gozag.
    27 | D        | Found a glowing golden altar of the Shining One.
    27 | D        | Found a glowing silver altar of Zin.
    27 | D        | Found a basalt altar of Yredelemnul.
    27 | D        | Found a shimmering altar of Xom.
    27 | D        | Found an ornate altar of the Wu Jian Council.
    27 | D        | Found a sacrificial altar of Ru.
    27 | D        | Found a stormy altar of Qazlal.
    27 | D        | Found an iron altar of Okawaru.
    27 | D        | Found a sparkling altar of Nemelex Xobeh.
    27 | D        | Found a burning altar of Makhleb.
    27 | D        | Found a blossoming altar of Fedhas.
    27 | D        | Found a white marble altar of Elyvilon.
    27 | D        | Found a shadowy altar of Dithmenos.
    27 | D        | Found a snail-covered altar of Cheibriados.
    29 | D        | Found a radiant altar of Vehumet.
    29 | D        | Found a corrupted altar of Lugonu.
    31 | D        | Found an ancient bone altar of Kikubaaqudgha.
    31 | D        | Found a hide-covered altar of Uskayaw.
    31 | D        | Found a broken altar of Ashenzari.
    69 | D        | Reached ** piety under Trog
    75 | D        | Noticed a scorpion
    88 | D        | Killed a scorpion
    89 | D        | Reached skill level 5 in Unarmed Combat
    89 | D        | Reached XP level 2. HP: 28/33 MP: 1/1
    89 | D        | Reached XP level 3. HP: 34/40 MP: 2/2
   101 | D        | Reached *** piety under Trog
   105 | D        | Reached XP level 4. HP: 49/49 MP: 3/3
   155 | D        | Noticed a water moccasin
   169 | D        | Killed a water moccasin
   169 | D        | Reached **** piety under Trog
   170 | D        | Reached skill level 5 in Fighting
   170 | D        | Reached skill level 5 in Dodging
   170 | D        | Reached skill level 6 in Unarmed Combat
   170 | D        | Reached XP level 5. HP: 59/59 MP: 4/4
   218 | D        | Noticed a fire bat
   226 | D        | Killed a fire bat
   227 | D        | Reached skill level 8 in Unarmed Combat
   227 | D        | Reached XP level 6. HP: 44/68 MP: 5/5
   258 | D        | Reached ***** piety under Trog
   273 | D        | Noticed an acid dragon
   275 | D        | Killed an acid dragon
   275 | D        | Received a gift from Trog
   277 | D        | Noticed an ice beast
   277 | D        | Noticed a flying skull
   287 | D        | Reached skill level 9 in Unarmed Combat
   288 | D        | Killed an ice beast
   289 | D        | Reached XP level 7. HP: 58/80 MP: 6/6
   291 | D        | Killed a flying skull
   292 | D        | Reached skill level 10 in Unarmed Combat
   337 | D        | Noticed a sea snake
   344 | D        | Killed a sea snake
   345 | D        | Reached skill level 11 in Unarmed Combat
   345 | D        | Reached XP level 8. HP: 92/92 MP: 7/7
   349 | D        | Received a gift from Trog
   480 | D        | Noticed a freezing wraith
   480 | D        | Noticed a wizard
   480 | D        | Noticed an orange demon
   486 | D        | Killed an orange demon
   487 | D        | Reached skill level 10 in Fighting
   490 | D        | Killed a freezing wraith
   491 | D        | Reached skill level 10 in Dodging
   491 | D        | Reached skill level 12 in Unarmed Combat
   491 | D        | Reached XP level 9. HP: 102/102 MP: 8/8
   495 | D        | Killed a wizard
   549 | D        | Noticed a rakshasa
   557 | D        | Received a gift from Trog
   564 | D        | Killed a rakshasa
   565 | D        | Reached skill level 13 in Unarmed Combat
   632 | D        | Mangled by a culicivora

Illustrated notes

Levels and vault maps discovered:
D:        pitsprint [storerooms_1, entrance_room_1, metal_vault_4, armoury_3,
          mini_pit_1, grid_room_1, main_hall_1, silver_pit, the_coven_1,
          the_vestibule_1, steel_vault_3, golden_pit, hallway_of_sentries,
          crystal_vault_2, iron_vault_5, final_vault]

Skill      XL: |  1  2  3  4  5  6  7  8  9 |
---------------+----------------------------+-----
Fighting       | 4 5 6 8 9 10 11 | 11.6
Dodging        | 4 5 6 7 9 10 11 | 11.4
Unarmed Combat | 5 6 8 9 11 12 13 | 13.4

Action                     |  1- 3 |  4- 6 |  7- 9 || total
---------------------------+-------+-------+-------++-------
  Melee: Unarmed           |    29 |    33 |    49 ||   111
         Punch             |     1 |     1 |     4 ||     6
 Invoke: Berserk           |       |     2 |     4 ||     6
         Brothers in Arms  |       |       |     1 ||     1
    Use: Potion            |       |       |     1 ||     1
   Stab: Sleeping          |       |     1 |       ||     1
 Armour: Animal skin       |    22 |    15 |    27 ||    64
  Dodge: Dodged            |    14 |    19 |    38 ||    71

Table legend: (Time is in decaauts)
 A = Elapsed time spent in this place.
 B = Non-inter-level travel time spent in this place.
 C = Inter-level travel time spent in this place.
 D = Time resting spent in this place.
 E = Time spent auto-exploring this place.
 F = Levels seen in this place.
 G = Mean time per level.
                   A        B        C        D        E       F      G
               +--------+--------+--------+--------+--------+-----+--------+
         Total |    667 |    597 |     70 |    222 |     52 |   1 |  667.0 |
       Dungeon |    667 |    597 |     70 |    222 |     52 |   1 |  667.0 |
               +--------+--------+--------+--------+--------+-----+--------+

Top non-repeatable levels by time:
       D: 667 daAuts
